 Dungeon Crawl Stone Soup version 0.21.1-1-g345015f (webtiles) character file.

20 Melicamp the Magician (level 2, -4/23 HPs)
             Began as a Gnoll Wanderer on Apr 5, 2018.
             Killed from afar by a rat (27 damage)
             ... with an exploding inner flame
             ... hexed by the player character
             ... on level 1 of the Dungeon.
             The game lasted 00:05:13 (671 turns).

Melicamp the Magician (Gnoll Wanderer)               Turns: 671, Time: 00:05:14

Health: -4/23      AC:  2    Str: 16    XL:     2   Next: 79%
Magic:  7/7        EV: 11    Int: 12    God:
Gold:   58         SH:  0    Dex: 14    Spells: 6/10 levels left

rFire    . . .     SeeInvis .   d - +0 shortbow
rCold    . . .     Gourm    .   (shield currently unavailable)
rNeg     . . .     Faith    .   f - +0 robe
rPois    .         Spirit   .   (no helmet)
rElec    .         Reflect  .   (no cloak)
rCorr    .         Harm     .   (no gloves)
MR       .....                  (no boots)
Stlth    ++........             (no amulet)
HPRegen  0.07/turn              (no ring)
MPRegen  0.10/turn              (no ring)

@: no status effects
A: distributed training, fangs 1, strong nose
a: no special abilities


You were on level 1 of the Dungeon.
You were not hungry.

You visited 1 branch of the dungeon, and saw 2 of its levels.

You collected 58 gold pieces.

Inventory:

Hand Weapons
 b - a +0 hand crossbow
 d - a +0 shortbow (weapon)
Missiles
 c - 32 bolts
 e - 16 arrows (quivered)
Armour
 f - a +0 robe (worn)
Scrolls
 h - a scroll of immolation
Potions
 i - a potion of cancellation {unknown}
 j - a potion of berserk rage {unknown}
 k - a potion of might {unknown}
 l - a potion of curing {unknown}
Books
 a - a book of Minor Magic

   Spells                             Type                      Level
   a - Magic Dart                     Conjuration                  1
   b - Blink                          Translocation                2
   c - Call Imp                       Summoning                    2
   d - Slow                           Hexes                        2
   e - Conjure Flame                  Conjuration/Fire             3
   f - Mephitic Cloud                 Conjuration/Poison/Air       3
Comestibles
 g - a ration


   Skills:
 + Level 2.5 Fighting
 + Level 0.5 Short Blades
 + Level 0.5 Long Blades
 + Level 0.5 Axes
 + Level 0.5 Maces & Flails
 + Level 0.5 Polearms
 + Level 0.5 Staves
 + Level 0.5 Slings
 + Level 4.5 Bows
 + Level 0.5 Crossbows
 + Level 2.5 Throwing
 + Level 4.5 Armour
 + Level 0.5 Dodging
 + Level 2.3 Stealth
 + Level 0.5 Shields
 + Level 0.5 Unarmed Combat
 + Level 4.9 Spellcasting
 + Level 0.3 Conjurations
 + Level 0.3 Hexes
 + Level 2.0 Charms
 + Level 0.3 Summonings
 + Level 0.3 Necromancy
 + Level 0.3 Translocations
 + Level 0.3 Transmutations
 + Level 0.3 Fire Magic
 + Level 0.3 Ice Magic
 + Level 0.3 Air Magic
 + Level 0.3 Earth Magic
 + Level 0.3 Poison Magic
 + Level 0.6 Invocations
 + Level 0.5 Evocations


You had 6 spell levels left.
You knew the following spells:

 Your Spells              Type           Power        Failure   Level  Hunger
a - Blink                 Tloc           N/A          26%         2    ##.....
b - Slow                  Hex            #.......     26%         2    ##.....


Dungeon Overview and Level Annotations

Branches:
Dungeon (2/15)

Altars:


Innate Abilities, Weirdness & Mutations

Your experience applies equally to all skills.
You have very sharp teeth.
Your uncanny sense of smell can sniff out nearby items.


Message History

As you read the scroll labeled AMOERA VYPYGU, it crumbles to dust.
The creatures around you are filled with an inner flame!
It was a scroll of immolation.
Firing (i - inventory):
e - 17 arrows (quivered)
Press: ? - help, Shift-Dir - straight line, f - hobgoblin
Aim: a hobgoblin (inner flame)
You shoot an arrow. The arrow hits the hobgoblin.
The hobgoblin explodes!
The hobgoblin moves out of view.
The rat closely misses you. The rat closely misses you.
You climb upwards.
There is a stone staircase leading down here.
Firing (i - inventory):
e - 16 arrows (quivered)
Press: ? - help, Shift-Dir - straight line, f - rat
Aim: a rat (inner flame)
You shoot an arrow. The arrow hits the rat.
The rat explodes!
The fiery explosion engulfs you!
Ouch! That really hurt!
You die...

###...#####.#
#.# # ##.##
#.# ##.#
####.# #.#
#.># .....#
#.# #.##
###########.#
#.# #
#.......# #.#
# #.#######
#§# # #.# #§#
# #.# ####@#
# #.# #....#
# #.# #.####
#####.# #.#
...>..# #.#
####### #.#
#########.#
#..)....†.#
#.#########


There were no monsters in sight!

Vanquished Creatures
  2 dart slugs (D:1)
  2 bats (D:1)
  A giant cockroach (D:1)
  A goblin (D:1)
  2 hobgoblins
  2 kobolds (D:1)
  A ball python (D:1)
  3 frilled lizards (D:1)
  3 rats (D:1)
17 creatures vanquished.

Notes
Turn   | Place    | Note
-------+----------+-------------------------------------------
     0 | D:1      | Melicamp the Gnoll Wanderer began the quest for the Orb.
     0 | D:1      | Melicamp set off with: a book of Minor Magic, a +0 hand crossbow, 32 bolts, a +0 shortbow, 20 arrows, a +0 robe, a ration
     0 | D:1      | Reached XP level 1. HP: 17/17 MP: 6/6
   110 | D:1      | Reached XP level 2. HP: 22/23 MP: 7/7
   626 | D:1      | Learned a level 2 spell: Blink
   629 | D:1      | Learned a level 2 spell: Slow
   671 | D:1      | Killed from afar by a rat

Skill      XL: |  1 |
---------------+----+-----
Charms         | 2 |  2.0
Fighting       | |  2.5
Short Blades   | |  0.5
Long Blades    | |  0.5
Axes           | |  0.5
Maces & Flails | |  0.5
Polearms       | |  0.5
Staves         | |  0.5
Slings         | |  0.5
Bows           | |  4.5
Crossbows      | |  0.5
Throwing       | |  2.5
Armour         | |  4.5
Dodging        | |  0.5
Stealth        | |  2.3
Shields        | |  0.5
Unarmed Combat | |  0.5
Spellcasting   | |  4.9
Conjurations   | |  0.3
Hexes          | |  0.3
Summonings     | |  0.3
Necromancy     | |  0.3
Translocations | |  0.3
Transmutations | |  0.3
Fire Magic     | |  0.3
Ice Magic      | |  0.3
Air Magic      | |  0.3
Earth Magic    | |  0.3
Poison Magic   | |  0.3
Invocations    | |  0.6
Evocations     | |  0.5

Action                   || total
-------------------------++-------
 Fire: Shortbow          ||    35
  Use: Scroll            ||     1
Armor: Robe              ||     3
Dodge: Dodged            ||     7
